 Dungeon Sprint DCSS version 0.26-a0-1164-g1a551d6a14 (webtiles) character file.

Game seed: 5837330210708504121

5896 rocky1 the Eclecticist (level 10, -10/53 HPs)
             Began as a Deep Elf Fire Elementalist on Dec 24, 2020.
             Was a High Priest of Sif Muna.
             Mangled by a demonic crawler (11 damage)
             ... in the Dungeon (Sprint VII: "The Pits").
             The game lasted 00:13:58 (1509 turns).

rocky1 the Eclecticist (Deep Elf Fire Elementalist) Turns: 1509, Time: 00:13:58

Health: -10/53     AC:  4    Str:  5    XL:     10   Next: 53%
Magic:  19/31      EV: 13    Int: 24    God:    Sif Muna [*****.]
Gold:   0          SH:  0    Dex: 15    Spells: 27/40 levels left

rFire    . . .     SeeInvis .   n - +2 quarterstaff (protect)
rCold    . . .     Faith    .   (shield currently unavailable)
rNeg     . . .     Spirit   .   h - +0 troll leather armour
rPois    .         Reflect  .   (no helmet)
rElec    .         Harm     .   (no cloak)
rCorr    .         Rampage  .   (no gloves)
Will     +....     NoTele   +   (no boots)
Stlth    ++........             (no amulet)
HPRegen  0.57/turn              (no ring)
MPRegen  0.22/turn              (no ring)

@: no status effects
A: no striking features
a: Renounce Religion, Channel Magic, Forget Spell, Divine Exegesis


You were in the Dungeon.
You worshipped Sif Muna.
Sif Muna was extremely pleased with you.
You visited 1 branch

Inventory:

Hand Weapons
 n - a +2 quarterstaff of protection (weapon)
 o - a +1 long sword of holy wrath
Armour
 a - a +0 robe
 h - a +0 troll leather armour (worn)
Scrolls
 i - 3 scrolls of remove curse
 j - 5 scrolls of amnesia
 k - a scroll of summoning
Potions
 b - a potion of invisibility
 c - 5 potions of curing
 f - 4 potions of magic
 g - 2 potions of berserk rage


   Skills:
 - Level 2.2 Fighting
 - Level 2.7 Staves
 - Level 4.3 Dodging
 - Level 2.4 Stealth
 + Level 15.5 Spellcasting
 + Level 12.5 Conjurations
 + Level 14.8 Fire Magic
 - Level 12.8 Invocations


You had 27 spell levels left.
You knew the following spells:

 Your Spells              Type           Power        Failure   Level
a - Foxfire               Conj/Fire      100%         1%          1
b - Conjure Flame         Conj/Fire      71%          1%          3
c - Sticky Flame          Conj/Fire      71%          1%          4
d - Fireball              Conj/Fire      35%          1%          5

Your spell library contained the following spells:

 Spells                   Type           Power        Failure   Level
 Shock                    Conj/Air       100%         1%          1
 Dazzling Flash           Conj/Hex       96%          1%          3
 Inner Flame              Hex/Fire       52%          1%          3
 Static Discharge         Conj/Air       48%          1%          3
 Fulminant Prism          Conj/Hex       24%          3%          4
 Pain                     Necr           72%          4%          1
 Wereblood                Tmut           18%          8%          2
 Orb of Destruction       Conj           34%          24%         7
 Cause Fear               Hex            9%           45%         4
 Conjure Ball Lightning   Conj/Air       24%          50%         6
 Alistair's Intoxication  Tmut/Pois      12%          80%         5
 Silence                  Hex/Air        9%           80%         5
 Spellforged Servitor     Conj/Summ      24%          97%         7


Dungeon Overview and Level Annotations

Branches:
Dungeon (1/1)

Altars:
Ashenzari
Cheibriados
Dithmenos
Elyvilon
Fedhas
Gozag
Hepliaklqana
Kikubaaqudgha
Makhleb
Nemelex Xobeh
Okawaru
Qazlal
Ru
Sif Muna
Trog
Uskayaw
Vehumet
Wu Jian
Xom
Yredelemnul
Zin
The Shining One
Beogh
Jiyva
Lugonu


Message History

The demonic crawler is severely wounded.
The demonic crawler hits you but does no damage.
The demonic crawler hits you! x2
Casting: Fireball (dangerous; 1% risk of failure)
Confirm with . or Enter, or press ? or * to list all spells.
Aiming: Fireball (dangerous; 1% risk of failure)
Press: ? - help, Shift-Dir - straight line The fireball explodes!
The fireball engulfs the demonic crawler!
The demonic crawler resists.
The demonic crawler is almost dead.
The fireball engulfs the alligator snapping turtle!!
The alligator snapping turtle is lightly wounded.
The demonic crawler misses you. The demonic crawler hits you.
The demonic crawler barely misses you. The demonic crawler hits you!
* * * LOW HITPOINT WARNING * * *
The demonic crawler hits you!
* * * LOW HITPOINT WARNING * * *
The demonic crawler hits you!
You die...

#++########
#..........
#..@s.t....
#..######## #..#
#..# ##### #..#
##..# #..# ##..#
#..# ''..# #..#
''..##########..#


You could see an alligator snapping turtle and a demonic crawler.

Vanquished Creatures
  A merfolk aquamancer (D)
  A merfolk avatar (D)
  A swamp dragon (D)
  A deep troll (D)
  A cyclops (D)
  Psyche (D)
  A large abomination (D)
  An efreet (D)
  2 merfolk (D)
  A flying skull (D)
  A water elemental (D)
  A spriggan (D)
  A tarantella (D)
  2 vampire mosquitoes (D)
  A warg (D)
  A steam dragon (D)
  A floating eye (D)
  A soldier ant (D)
  A swamp drake (D)
  2 centaurs (D)
  A big kobold (D)
  3 bullfrogs (D)
  A crimson imp (D)
  An iguana (D)
  A worker ant (D)
  An ufetubus (D)
  An ooze (D)
  A bat (D)
  A giant cockroach (D)
  2 goblins (D)
  A hobgoblin (D)
  2 frilled lizards (D)
  A kobold (D)
  A quokka skeleton (D)
  A rat (D)
42 creatures vanquished.

Vanquished Creatures (others)
  43 foxfires (D)
43 creatures vanquished.

Grand Total: 85 creatures vanquished

Notes
Turn   | Place    | Note
-------+----------+-------------------------------------------
     0 | D        | rocky1 the Deep Elf Fire Elementalist began the quest for
                  | the Orb.
     0 | D        | Reached XP level 1. HP: 10/10 MP: 6/6
    46 | D        | Found a bloodstained altar of Trog.
    46 | D        | Found a shimmering blue altar of Sif Muna.
    46 | D        | Found a viscous altar of Jiyva.
    46 | D        | Found a hazy altar of Hepliaklqana.
    46 | D        | Found an opulent altar of Gozag.
    47 | D        | Found a glowing golden altar of the Shining One.
    47 | D        | Found a glowing silver altar of Zin.
    47 | D        | Found a basalt altar of Yredelemnul.
    47 | D        | Found a shimmering altar of Xom.
    47 | D        | Found an ornate altar of the Wu Jian Council.
    47 | D        | Found a sacrificial altar of Ru.
    47 | D        | Found a stormy altar of Qazlal.
    47 | D        | Found an iron altar of Okawaru.
    47 | D        | Found a sparkling altar of Nemelex Xobeh.
    47 | D        | Found a burning altar of Makhleb.
    47 | D        | Found a blossoming altar of Fedhas.
    47 | D        | Found a white marble altar of Elyvilon.
    47 | D        | Found a shadowy altar of Dithmenos.
    47 | D        | Found a snail-covered altar of Cheibriados.
    49 | D        | Found a radiant altar of Vehumet.
    49 | D        | Found a corrupted altar of Lugonu.
    49 | D        | Found a roughly hewn altar of Beogh.
    50 | D        | Found a hide-covered altar of Uskayaw.
    50 | D        | Found an ancient bone altar of Kikubaaqudgha.
    50 | D        | Found a broken altar of Ashenzari.
    52 | D        | Became a worshipper of Sif Muna the Loreminder
    99 | D        | Reached * piety under Sif Muna
   100 | D        | Reached skill level 5 in Fire Magic
   110 | D        | Reached XP level 2. HP: 15/15 MP: 6/8
   111 | D        | Noticed a floating eye
   118 | D        | Reached ** piety under Sif Muna
   119 | D        | Paralysed by a floating eye for 3 turns
   125 | D        | Killed a floating eye
   126 | D        | Reached skill level 4 in Spellcasting
   126 | D        | Reached XP level 3. HP: 21/21 MP: 8/11
   126 | D        | Reached XP level 4. HP: 26/26 MP: 8/12
   136 | D        | Reached skill level 5 in Spellcasting
   178 | D        | Learned a level 3 spell: Conjure Flame
   183 | D        | Learned a level 4 spell: Sticky Flame
   209 | D        | Noticed a bullfrog
   209 | D        | Noticed a centaur
   210 | D        | Noticed a bullfrog
   236 | D        | Killed a bullfrog
   237 | D        | Reached skill level 6 in Spellcasting
   237 | D        | Reached XP level 5. HP: 28/30 MP: 10/15
   242 | D        | Reached *** piety under Sif Muna
   243 | D        | Reached skill level 7 in Spellcasting
   243 | D        | Reached skill level 5 in Invocations
   248 | D        | Reached XP level 6. HP: 27/35 MP: 10/18
   254 | D        | Learned a level 5 spell: Fireball
   287 | D        | Reached skill level 8 in Spellcasting
   404 | D        | Reached **** piety under Sif Muna
   422 | D        | Reached skill level 5 in Conjurations
   422 | D        | Reached skill level 10 in Fire Magic
   452 | D        | Noticed an efreet
   505 | D        | Noticed a vampire mosquito
   507 | D        | Noticed a vampire mosquito
   507 | D        | Noticed a cyclops
   508 | D        | Killed a vampire mosquito
   509 | D        | Reached skill level 9 in Spellcasting
   509 | D        | Reached XP level 7. HP: 40/40 MP: 8/21
   513 | D        | Killed a vampire mosquito
   514 | D        | Reached skill level 10 in Spellcasting
   517 | D        | Killed a cyclops
   517 | D        | Reached ***** piety under Sif Muna
   518 | D        | Reached skill level 11 in Spellcasting
   518 | D        | Reached XP level 8. HP: 26/44 MP: 2/25
   658 | D        | Noticed a merfolk avatar
   658 | D        | Noticed a deep troll
   660 | D        | Identified Ajekku's Reference Book on Harmful Evil Magic
                  | (Sif Muna gifted it to you in the Dungeon)
   660 | D        | Received a gift from Sif Muna
   665 | D        | Killed a deep troll
   666 | D        | Reached skill level 12 in Spellcasting
   666 | D        | Reached skill level 10 in Invocations
   674 | D        | Killed a merfolk avatar
   675 | D        | Reached skill level 13 in Spellcasting
   675 | D        | Reached skill level 10 in Conjurations
   675 | D        | Reached XP level 9. HP: 48/48 MP: 3/28
   901 | D        | Noticed a merfolk
   908 | D        | Killed a merfolk
   917 | D        | Noticed an efreet
   921 | D        | Identified Sif Muna's Handbook of Unstable Lightness (Sif
                  | Muna gifted it to you in the Dungeon)
   921 | D        | Received a gift from Sif Muna
   924 | D        | Noticed Psyche
   934 | D        | Killed Psyche
   935 | D        | Reached skill level 14 in Spellcasting
   936 | D        | Killed an efreet
  1001 | D        | Noticed a merfolk
  1002 | D        | Noticed a merfolk aquamancer
  1003 | D        | Killed a merfolk aquamancer
  1004 | D        | Reached XP level 10. HP: 53/53 MP: 17/30
  1128 | D        | Noticed a swamp dragon
  1134 | D        | Killed a swamp dragon
  1135 | D        | Reached skill level 15 in Spellcasting
  1410 | D        | Identified Sif Muna's Papyrus of Fetching Summoning (Sif
                  | Muna gifted it to you in the Dungeon)
  1410 | D        | Received a gift from Sif Muna
  1435 | D        | Noticed a large abomination
  1444 | D        | Killed a large abomination
  1503 | D        | Noticed an alligator snapping turtle
  1509 | D        | HP: 1/53 [demonic crawler (9)]
  1509 | D        | Mangled by a demonic crawler

Illustrated notes

Levels and vault maps discovered:
D:        pitsprint [storerooms_1, entrance_room_1, metal_vault_3, armoury_1,
          mini_pit_1, grid_room_1, main_hall_1, silver_pit, the_coven_2,
          the_vestibule_1, steel_vault_3, golden_pit, hallway_of_sentries,
          crystal_vault_4, iron_vault_1, final_vault]

Skill      XL: |  1  2  3  4  5  6  7  8  9 10 |
---------------+-------------------------------+-----
Fire Magic     | 5 6 8 9 10 11 12 14 | 14.8
Fighting       | 2 |  2.2
Staves         | 2 |  2.7
Dodging        | 4 |  4.3
Spellcasting   | 4 6 7 9 11 13 14 15 | 15.5
Conjurations   | 3 6 7 10 11 12 | 12.5
Invocations    | 3 4 5 7 9 10 12 | 12.8
Stealth        | |  2.4

Action                   |  1- 3 |  4- 6 |  7- 9 | 10-12 || total
-------------------------+-------+-------+-------+-------++-------
Melee: Quarterstaff      |     9 |    20 |    12 |     1 ||    42
       Unarmed           |     1 |       |       |       ||     1
 Cast: Foxfire           |     6 |    12 |     1 |     7 ||    26
       Fireball          |       |     3 |    24 |    22 ||    49
       Orb of Destructio |       |       |     1 |       ||     1
Invok: Channel Magic     |       |       |     3 |     2 ||     5
       Divine Exegesis   |       |       |     1 |       ||     1
  Use: Potion            |       |     3 |     5 |     2 ||    10
       Scroll            |       |       |     1 |       ||     1
 Stab: Invisible         |       |     2 |       |       ||     2
Armor: Robe              |       |     3 |       |       ||     3
       Troll leather arm |       |       |     4 |     2 ||     6
Dodge: Dodged            |     2 |    42 |    17 |    11 ||    72

Table legend: (Time is in decaauts)
 A = Elapsed time spent in this place.
 B = Non-inter-level travel time spent in this place.
 C = Inter-level travel time spent in this place.
 D = Time resting spent in this place.
 E = Time spent auto-exploring this place.
 F = Levels seen in this place.
 G = Mean time per level.
                   A        B        C        D        E       F      G
               +--------+--------+--------+--------+--------+-----+--------+
         Total |   1514 |   1514 |      0 |    909 |      0 |   1 | 1514.0 |
       Dungeon |   1514 |   1514 |      0 |    909 |      0 |   1 | 1514.0 |
               +--------+--------+--------+--------+--------+-----+--------+

Top non-repeatable levels by time:
       D: 1514 daAuts
